 Dungeon Crawl Stone Soup version 0.30-a0-1112-gfb780f5df6 (webtiles) character file.

Game seed: 15488901726013503932

298 IdlyInterested the Trooper (level 6, -1/52 HPs)
             Began as a Demonspawn Gladiator on Apr 19, 2023.
             Killed by divine providence
             ... invoked by an orc priest
              (10 damage)
             ... on level 4 of the Dungeon.
             The game lasted 00:09:59 (2744 turns).

IdlyInterested the Trooper (Demonspawn Gladiator)   Turns: 2744, Time: 00:09:59

Health: -1/52      AC:  5    Str: 14    XL:     6   Next: 13%
Magic:  6/6        EV: 14    Int:  9    God:
Gold:   256        SH:  4    Dex: 23    Spells: 5/5 levels left

rFire   . . .      SeeInvis .    a - +0 long sword
rCold   . . .      Faith    .    (no shield)
rNeg    . . .      Spirit   .    r - +0 ring mail
rPois   .          Reflect  .    (helmet restricted)
rElec   .          Rampage  .    (no cloak)
rCorr   .                        (no gloves)
Will    .....                    (no boots)
Stlth   ++                       (no amulet)
HPRegen 0.28/turn                c - +6 ring of dexterity
MPRegen 0.10/turn                (no ring)

@: hasted, very quick
A: horns 1, repulsion field 1, condensation shield, high MP 1, evolution 1,
MP-powered wands
a: no special abilities


You were on level 4 of the Dungeon.
You visited 1 branch of the dungeon, and saw 4 of its levels.

You collected 256 gold pieces.

Inventory:

Hand Weapons
 a - a +0 long sword (weapon)
 k - a +1 dagger of freezing
 s - a +0 falchion
Missiles
 d - 4 throwing nets
 i - 18 stones (quivered)
 l - 12 poisoned darts
Armour
 b - a +0 leather armour
 r - a +0 ring mail (worn)
Magical Staves
 q - a staff of cold
Jewellery
 c - a +6 ring of dexterity (left hand)
Scrolls
 f - 2 scrolls of fear
 j - 2 scrolls of teleportation
 n - a scroll of enchant weapon {unknown}
 u - a scroll of blinking
 v - a scroll of amnesia {unknown}
 w - a scroll of torment {unknown}
Potions
 g - a potion of mutation
 h - a potion of flight {unknown}
 m - a potion of haste
 o - a potion of attraction {unknown}
 p - a potion of magic {unknown}
 t - a potion of curing {unknown}


   Skills:
 * Level 5.8 Fighting
 - Level 2.6 Long Blades
 - Level 2.0 Throwing
 + Level 0.0 Armour
 - Level 3.0 Dodging
 - Level 1.0 Stealth
 - Level 1.0 Shields
 - Level 1.0 Evocations


You had 5 spell levels left.
You didn't know any spells.
Your spell library contained the following spells:

 Spells                   Type           Power      Damage    Failure   Level
 Shock                    Conj/Air       0%         1d3       63%         1
 Swiftness                Air            0%         N/A       94%         3
 Airstrike                Air            0%         2d(0-16)  100%        4
 Petrify                  Tmut/Erth      0%         N/A       100%        4
 Metabolic Englaciation   Hex/Ice        0%         N/A       100%        5
 Statue Form              Tmut/Erth      0%         N/A       100%        6


Dungeon Overview and Level Annotations

Branches:
Dungeon (4/15)
 Temple: D:4-7

Altars:
Nemelex Xobeh
Ru

Shops:
D:2 =

Annotations:
D:3 1 runed translucent door, Darkkill's ghost, amateur MiHu
D:4 1 runed translucent door, Crazy Yiuf


Innate Abilities, Weirdness & Mutations

You have a pair of small horns on your head.
You are surrounded by a mild repulsion field. (EV +2)
A meltable shield of frost defends you. (SH +4)
You have an increased reservoir of magic. (+10% MP)
You have hidden genetic potential.
You expend magic power (3 MP) to strengthen your wands.


Message History

Menkaure hits you. The orc hits you but does no damage.
Throw: javelin
Press: ? - help, Shift-Dir - straight line, f - orc priest
Aim: an orc priest, wielding a +0 short sword and wearing a +0 leather armour (almost dead, 66% to hit)
You throw a javelin. The javelin pierces through Menkaure.
Menkaure is heavily damaged.
The javelin closely misses the orc priest.
The orc barely misses you. Menkaure hits you but does no damage.
The orc hits you but does no damage. The orc misses you.
You hit Menkaure. Your headbutt misses Menkaure. You punch Menkaure.
Menkaure is severely damaged.
You block Menkaure's attack.
The orc hits you with a +0 short sword of speed.
The orc completely misses you.
The orc hits you with a +0 short sword of speed.
Menkaure hits you!
* * * LOW HITPOINT WARNING * * *
It was a potion of haste.
You feel yourself speed up. The orc hits you but does no damage.
The orc barely misses you.
Menkaure calls on the powers of darkness!
The orc convulses!
Your body is wracked with pain!
* * * LOW HITPOINT WARNING * * *
The orc convulses!
The orc barely misses you.
You barely miss Menkaure.
Menkaure is severely damaged.
Menkaure casts a spell at you.
You barely resist. The orc barely misses you. The orc closely misses you.
You slash Menkaure!
You destroy Menkaure!
The orc hits you but does no damage. The orc closely misses you.
Training target 1.0 for Shields reached!
Your Fighting skill increases to level 5!
Your Shields skill increases to level 1!
You have reached level 6!
You hit the orc priest.
The orc priest is almost dead.
You block the orc's attack. The orc closely misses you.
The orc priest invokes the aid of Beogh against you.
Beogh smites you!
You die...

..# ##..#
########.
#.#####..#######
#.
#..............#
#.
#<#####........#
#. #.....#
##.####..# #.
....###
#.####..###.# ##
####
#......!....#
#######..###..
#.....@o..#
#.####oo...#
.......# .#
.........# #.#
##.......## #.#
##(....## #.#
##...## #.# #.#
..## #.# #.## #


You could see an orc priest and 2 orcs.

Vanquished Creatures
  Menkaure (D:4)
  An iguana (D:3)
  2 gnolls (D:1)
  6 adders
  A dart slug (D:1)
  3 orcs
  7 endoplasms
  6 giant cockroaches
  4 goblins
  9 hobgoblins
  4 jackals (D:1)
  3 quokkas
  4 ball pythons
  6 bats
  5 frilled lizards
  8 kobolds
  2 rats
72 creatures vanquished.

Notes
Turn   | Place    | Note
-------+----------+-------------------------------------------
     0 | D:1      | IdlyInterested the Demonspawn Gladiator began the quest for
                  | the Orb.
     0 | D:1      | Reached XP level 1. HP: 16/16 MP: 1/1
    68 | D:1      | Gained mutation: A meltable shield of frost defends you.
                  | (SH +4) [demonic ancestry]
    68 | D:1      | Reached XP level 2. HP: 14/23 MP: 2/2
   134 | D:1      | Reached skill level 3 in Fighting
   136 | D:1      | Gained mutation: You have a pair of small horns on your
                  | head. [demonic ancestry]
   136 | D:1      | Reached XP level 3. HP: 14/29 MP: 3/3
   210 | D:1      | Found a faded altar of an unknown god.
   968 | D:2      | Reached skill level 1 in Evocations
   968 | D:2      | Gained mutation: You are surrounded by a mild repulsion
                  | field. (EV +2) [demonic ancestry]
   968 | D:2      | Reached XP level 4. HP: 26/37 MP: 4/4
  1218 | D:2      | Found Coqutunt's Jewellery Shoppe.
  1224 | D:2      | Reached skill level 4 in Fighting
  1674 | D:3      | Found a sparkling altar of Nemelex Xobeh.
  1745 | D:3      | Reached skill level 1 in Stealth
  1805 | D:3      | Gained mutation: You have an increased reservoir of magic.
                  | (+10% MP) [potion of mutation]
  1805 | D:3      | Gained mutation: You expend magic power (3 MP) to
                  | strengthen your wands. [potion of mutation]
  1805 | D:3      | Gained mutation: You have hidden genetic potential. [potion
                  | of mutation]
  1808 | D:3      | Reached XP level 5. HP: 5/43 MP: 5/5
  1968 | D:3      | Found a runed translucent door.
  2104 | D:3      | Found a sacrificial altar of Ru.
  2269 | D:3      | Noticed Darkkill's ghost (amateur MiHu)
  2614 | D:4      | Found a runed translucent door.
  2615 | D:4      | Noticed Crazy Yiuf
  2733 | D:4      | Noticed Menkaure
  2743 | D:4      | Killed Menkaure
  2744 | D:4      | Reached skill level 5 in Fighting
  2744 | D:4      | Reached skill level 1 in Shields
  2744 | D:4      | Reached XP level 6. HP: 9/52 MP: 6/6
  2744 | D:4      | Killed from afar by an orc priest

Illustrated notes

Levels and vault maps discovered:
D:1:      dpeg_arrival_ternary, layout_basic, basic_ecumenical_altar
D:2:      layout_basic, serial_shops, shop
D:3:      layout_rooms, amcnicky_altar_gilded, nemelex_diamond_rough_becter,
          ebering_ghost_reflecting_pool
D:4:      layout_loops_ring, minmay_misc_feat_doors,
          nicolae_concentric_dashed_squares_wild, uniq_menkaure,
          uniq_crazy_yiuf_cottage

Skill      XL: |  1  2  3  4  5 |
---------------+----------------+-----
Dodging        | 3 |  3.0
Fighting       | 3 4 5 |  5.8
Throwing       | 2 |  2.0
Evocations     | 1 |  1.0
Stealth        | 1 |  1.0
Shields        | 1 |  1.0
Long Blades    | |  2.6

Action                     |  1- 3 |  4- 6 || total
---------------------------+-------+-------++-------
  Melee: Long sword        |    73 |    92 ||   165
         Punch             |     1 |     1 ||     2
         Headbutt          |    13 |    15 ||    28
  Throw: Throwing net      |     1 |     1 ||     2
         Stone             |     4 |     1 ||     5
         Javelin           |       |     1 ||     1
    Use: Potion            |       |     2 ||     2
         Scroll            |       |     5 ||     5
   Stab: Held in net/web   |     1 |       ||     1
         Sleeping          |     2 |     7 ||     9
 Armour: Leather armour    |    20 |     6 ||    26
         Ring mail         |       |    21 ||    21
  Dodge: Dodged            |    45 |    68 ||   113
  Block: Other             |    11 |    17 ||    28

Table legend: (Time is in decaauts)
 A = Elapsed time spent in this place.
 B = Non-inter-level travel time spent in this place.
 C = Inter-level travel time spent in this place.
 D = Time resting spent in this place.
 E = Time spent auto-exploring this place.
 F = Levels seen in this place.
 G = Mean time per level.
                   A        B        C        D        E       F      G
               +--------+--------+--------+--------+--------+-----+--------+
         Total |   2789 |   2510 |    279 |    420 |   1263 |   4 |  697.2 |
       Dungeon |   2789 |   2510 |    279 |    420 |   1263 |   4 |  697.2 |
               +--------+--------+--------+--------+--------+-----+--------+

Top non-repeatable levels by time:
     D:1: 1065 daAuts
     D:3: 740 daAuts
     D:2: 600 daAuts
     D:4: 383 daAuts
